 Dungeon Crawl Stone Soup version 0.32-a0-42-ga30500b4d3 (webtiles) character file.

Game seed: 17368710034726817730

326346 whatisthis the Slayer (level 21, -3/183 (189) HPs)
             Began as a Human Brigand on Jan 27, 2024.
             Was the Champion of Okawaru.
             Slain by an ettin
             ... wielding a +0 dire flail
              (31 damage)
             ... on level 5 of the Vaults on Jan 28, 2024.
             The game lasted 02:41:11 (39632 turns).

whatisthis the Slayer (Human Brigand)              Turns: 39632, Time: 02:41:12

HP:   -3/183 (189)  AC: 23    Str: 16    XL:     21   Next: 64%
MP:   27/27         EV: 28    Int: 15    God:    Okawaru [******]
Gold: 992           SH: 16    Dex: 23    Spells: 20/20 levels left

rFire   + . .        w - +13 Maxwell's thermic engine {flame, freeze, rev}
rCold   + + .        b - +1 kite shield {rC+}
rNeg    . . .        T - +0 swamp dragon scales of Murekuh {rPois rC+ Int+3}
rPois   +            v - +0 helmet "Joifiav" {rElec Str+2 Dex+3}
rElec   +            m - +2 cloak of the Distant Future {rPois Regen+ Dex-3 Slay+6}
rCorr   .            k - +2 pair of gloves
SInv    .            L - +2 pair of boots {Stlth+}
Will    ++...        i - amulet of the acrobat
Stlth   +++++        I - ring of protection from fire
HPRegen 1.30/turn    u - ring of willpower
MPRegen 0.20/turn

%: acrobat
@: mighty, heroic, lightly drained
A: explore regen
}: 2/15 runes: decaying, serpentine
a: Renounce Religion, Heroism, Finesse, Duel, Receive Armour


You were on level 5 of the Vaults.
You worshipped Okawaru.
Okawaru was exalted by your worship.
You visited 7 branches of the dungeon, and saw 36 of its levels.
You also visited: Bailey, Gauntlet and Ice Cave.

You collected 4608 gold pieces.
You spent 3616 gold pieces at shops.

Inventory:

Hand Weapons
 w - the +13 Maxwell's thermic engine (weapon) {flame, freeze, rev}
   (You bought it in a shop on level 2 of the Orcish Mines)
 S - a +4 double sword of electrocution
Missiles
 e - 2 curare-tipped darts
 f - 14 boomerangs (quivered)
 q - 20 javelins
 t - 5 throwing nets
 C - 10 silver javelins
Armour
 b - a +1 kite shield of cold resistance (worn)
 k - a +2 pair of gloves (worn)
 m - the +2 cloak of the Distant Future (worn) {rPois Regen+ Dex-3 Slay+6}
   (You found it on level 3 of the Dungeon)

   Dex-3:     It affects your dexterity (-3).
   Slay+6:    It affects your accuracy & damage with ranged weapons and melee
   (+6).
   rPois:     It protects you from poison Regen+: It increases your rate of
   health regeneration.
 v - the +0 helmet "Joifiav" (worn) {rElec Str+2 Dex+3}
   (You found it in a Gauntlet)

   Str+2:     It affects your strength (+2).
   Dex+3:     It affects your dexterity (+3).
   rElec:     It insulates you from electricity.
 L - a +2 pair of boots of stealth (worn)
 T - the +0 swamp dragon scales of Murekuh (worn) {rPois rC+ Int+3}
   (You found it on level 1 of the Swamp)

   Int+3:     It affects your intelligence (+3).
   rC+:       It protects you from cold.
   rPois:     It protects you from poison
Jewellery
 d - a ring of protection from fire
 i - an amulet of the acrobat (around neck)
 u - a ring of willpower (right hand)
 x - a ring of see invisible
 D - a +6 ring of dexterity
 I - a ring of protection from fire (left hand)
 P - a +5 ring of evasion
 Q - an amulet of regeneration
 R - a ring of protection from cold
Wands
 c - a wand of digging (31)
 n - a wand of mindburst (27)
 K - a wand of flame (59)
 M - a wand of acid (11)
 V - a wand of roots (38)
 X - a wand of polymorph (20)
Scrolls
 g - 22 scrolls of teleportation
 B - 5 scrolls of blinking
 E - 6 scrolls of enchant armour
 F - 9 scrolls of poison
 H - 3 scrolls of revelation
 W - 5 scrolls of fog
 Y - 7 scrolls of fear
 Z - 4 scrolls of immolation
Potions
 a - a potion of might
 h - 9 potions of lignification
 j - 3 potions of magic
 l - 4 potions of haste
 o - 4 potions of ambrosia
 p - 7 potions of invisibility
 r - 21 potions of curing
 s - a potion of resistance
 z - 2 potions of berserk rage
 A - 7 potions of mutation
 G - a potion of cancellation
 J - 3 potions of enlightenment
 N - 6 potions of heal wounds
 O - 9 potions of brilliance
Miscellaneous
 y - a condenser vane
 U - a lightning rod (4/4)


   Skills:
 + Level 22.1(27) Fighting
 - Level 2.0(15.9) Short Blades
 - Level 16.4(21.4) Long Blades
 + Level 14.0(19.0) Throwing
 - Level 8.5(13.5) Armour
 + Level 18.4(23.4) Dodging
 - Level 4.0(9.0) Stealth
 - Level 10.6(15.6) Shields
 - Level 9.0 Invocations


You had 20 spell levels left.
You didn't know any spells.
Your spell library contained the following spells:

 Spells                   Type           Power      Damage    Failure   Level
 Freeze                   Ice            0%         1d3       56%         1
 Magic Dart               Conj           0%         1d3       56%         1
 Shock                    Conj/Air       0%         1d3       56%         1
 Slow                     Hex            0%         N/A       56%         1
 Blink                    Tloc           0%         N/A       71%         2
 Ensorcelled Hibernation  Hex/Ice        0%         N/A       71%         2
 Jinxbite                 Hex            0%         N/A       71%         2
 Lesser Beckoning         Tloc           0%         N/A       71%         2
 Momentum Strike          Conj/Tloc      0%         3d8       71%         2
 Searing Ray              Conj           0%         2d4       71%         2
 Static Discharge         Conj/Air       0%         3-3/arc   71%         2
 Sublimation of Blood     Necr           0%         N/A       71%         2
 Confusing Touch          Hex            0%         N/A       91%         3
 Dazzling Flash           Conj/Hex       0%         N/A       91%         3
 Frozen Ramparts          Ice            0%         1d1       91%         3
 Fugue of the Fallen      Necr           0%         N/A       91%         3
 Gell's Gravitas          Tloc           0%         N/A       91%         3
 Hailstorm                Conj/Ice       0%         3d5       91%         3
 Mephitic Cloud           Conj/Alch/Air  0%         N/A       91%         3
 Ozocubu's Armour         Ice            0%         N/A       91%         3
 Sigil of Binding         Hex            0%         N/A       91%         3
 Swiftness                Air            0%         N/A       91%         3
 Teleport Other           Tloc           0%         N/A       91%         3
 Vampiric Draining        Necr           0%         2d6       91%         3
 Airstrike                Air            0%         2d(0-16)  100%        4
 Anguish                  Hex/Necr       0%         N/A       100%        4
 Brom's Barrelling Bould  Conj/Erth      0%         2d3       100%        4
 Dimensional Bullseye     Hex/Tloc       0%         N/A       100%        4
 Fulminant Prism          Conj/Alch      0%         3d5       100%        4
 Leda's Liquefaction      Alch/Erth      0%         N/A       100%        4
 Passage of Golubria      Tloc           0%         N/A       100%        4
 Vhi's Electric Charge    Tloc/Air       0%         N/A       100%        4
 Arcjolt                  Conj/Air       0%         1d10      100%        5
 Curse of Agony           Necr           0%         N/A       100%        5
 Fireball                 Conj/Fire      0%         3d3       100%        5
 Iskenderun's Battlesphe  Conj           0%         2d6       100%        5
 Lee's Rapid Deconstruct  Erth           0%         3d4*      100%        5
 Metabolic Englaciation   Hex/Ice        0%         N/A       100%        5
 Silence                  Hex/Air        0%         N/A       100%        5
 Yara's Violent Unravell  Hex/Alch       0%         3d3       100%        5
 Bombard                  Conj/Erth      0%         9d1       100%        6
 Conjure Ball Lightning   Conj/Air       0%         3x3d6     100%        6
 Eringya's Noxious Bog    Alch           0%         4d6       100%        6
 Plasma Beam              Fire/Air       0%         2x1d10    100%        6
 Orb of Destruction       Conj           0%         9d5       100%        7
 Ozocubu's Refrigeration  Ice            0%         4d7       100%        7
 Discord                  Hex            0%         N/A       100%        8
 Disjunction              Tloc           0%         N/A       100%        8
 Lehudib's Crystal Spear  Conj/Erth      0%         10d2      100%        8
 Polar Vortex             Ice            0%         N/A       100%        9
 Summon Ice Beast         Ice/Summ       Unusable   N/A       N/A         3
 Animate Armour           Summ/Erth      Unusable   N/A       N/A         4
 Martyr's Knell           Necr/Summ      Unusable   N/A       N/A         4
 Summon Lightning Spire   Summ/Air       Unusable   N/A       N/A         4
 Summon Forest            Summ/Tloc      Unusable   N/A       N/A         5
 Sculpt Simulacrum        Ice/Alch       Unusable   N/A       N/A         6
 Summon Hydra             Summ           Unusable   N/A       N/A         7

Dungeon Overview and Level Annotations

Branches:
Dungeon (15/15)            Temple (1/1) D:6            Lair (5/5) D:8
  Swamp (4/4) Lair:2        Snake (4/4) Lair:2        Slime (0/5) Lair:4
    Orc (2/2) D:9             Elf (0/3) Orc:2        Vaults (5/5) D:14
  Crypt (0/3) Vaults:3     Depths (0/4) D:15         Bailey (visited)
  IceCv (visited)         Gauntlet (visited)

Altars:
Ashenzari
Cheibriados
Dithmenos
Elyvilon
Fedhas
Gozag
Hepliaklqana
Kikubaaqudgha
Makhleb
Nemelex Xobeh
Okawaru
Qazlal
Ru
Sif Muna
Trog
Uskayaw
Vehumet
Wu Jian
Xom
Yredelemnul
Zin
The Shining One
Jiyva

Shops:
D:4 *   D:10 [:?   D:14 *   Orc:2 ![[[(*[   Snake:3 ?   Snake:4 [
Vaults:2 =**(?   Vaults:3 [   Vaults:4 [

Annotations:
D:10 1 exclusion, Sonja
D:13 2 transporters, Azoth's ghost, journeyman MfSh
Lair:1 exclusions: bush and 1 more exclusion
Lair:3 exclusion: oklob plant
Lair:5 3 runed translucent doors, Pokonic1's ghost, journeyman OnBe; Warped's ghost, journeyman DjCj; lucidstorm14's ghost, journeyman MiFi
Swamp:1 Roxanne
Snake:2 2 transporters, anacleto's ghost, adept TrSh


Innate Abilities, Weirdness & Mutations

You regain HP and MP as you explore.


Message History

You kill the tengu reaver!
Okawaru accepts your kill. You block the red ugly thing's attack.
You slice the red ugly thing like a ripe choko!!!
You burn the red ugly thing. You freeze the red ugly thing.
The red ugly thing is almost dead.
You hear two shouts!
The tengu reaver hits you from afar with a +0 halberd.
* * * LOW HITPOINT WARNING * * *
The yaktaur captain unwields a +0 arbalest.
The yaktaur captain misses you.
You slice the yaktaur captain!! You burn the yaktaur captain!
You freeze the yaktaur captain.
The yaktaur captain is severely wounded.
You block the red ugly thing's attack. The tengu reaver barely misses you.
An ettin comes into view.
It is wielding a +0 dire flail and a +1 heavy dire flail.
You cut the yaktaur captain into ribbons!!!
You burn the yaktaur captain.
You kill the yaktaur captain!
Okawaru accepts your kill. You block the red ugly thing's attack.
The tengu reaver points at you and mumbles some strange words.
The bolt of lightning hits you! You resist.
* * * LOW HITPOINT WARNING * * *
You hear a shout! x3
You carve the red ugly thing like a ham!!!
You kill the red ugly thing!
Okawaru accepts your kill.
You slash the ettin! You burn the ettin. You freeze the ettin.
The ettin is lightly wounded.
The ettin hits you with a +0 dire flail!
* * * LOW HITPOINT WARNING * * *
The ettin completely misses you. You block the tengu reaver's attack.
You slash the ettin! You burn the ettin. You freeze the ettin.
The ettin is heavily wounded.
The tengu reaver hits you from afar with a +0 halberd.
* * * LOW HITPOINT WARNING * * *
You block the ettin's attack.
The ettin hits you with a +1 heavy dire flail!!
You die...

..# . .e .. .# ..# # .#
QQ #..# # .. .## #..#
.# .. #..# ..# .##..# #
#....#
##################.†..#
...........)....@C....#
.................†Q..†#
#######################


You could see a tengu reaver (repels missiles) and an ettin.

Vanquished Creatures
  Rupert (Orc:2)
  A lich (Vaults:2)
  Jorgrun (D:13)
  A titan (Vaults:5)
  Mlioglotl (Arena)
  3 sphinxes
  3 tengu reavers
  5 nagarajas
  2 shadow dragons
  Aizul (Vaults:2)
  13 vault wardens
  4 fenstrider witches
  A frost giant (Vaults:4)
  A fire giant (Vaults:2)
  An iron dragon (Vaults:4)
  A reaper (IceCv)
  2 orc warlords (Vaults:3)
  12 ironbound preservers
  A stone giant (Vaults:4)
  8 very ugly things
  3 formless jellyfish
  11 ironbound thunderhulks
  A war gargoyle (Vaults:4)
  A minotaur (Gauntlet)
  5 dire elephants
  7 eleionomae
  7 bunyips
  An ettin (Vaults:2)
  A green death (Swamp:4)
  A blizzard demon (Swamp:4)
  2 crystal guardians
  14 yaktaur captains
  A deep elf high priest (Vaults:4)
  5 entropy weavers
  3 salamander tyrants
  Erolcha (Orc:1)
  5 ghost crabs
  4 great orbs of eyes
  4 peacekeepers
  Harold (D:9)
  11 alligators
  17 ironbound frosthearts
  A catoblepas (Lair:5)
  A spriggan air mage (Swamp:1)
  13 centaur warriors
  2 anacondas
  7 hydras
  5 ogre magi
  10 boulder beetles
  12 two-headed ogres
  A tengu warrior (D:14)
  2 death scarabs (Gauntlet)
  A vampire mage (D:15)
  7 death yaks
  6 shock serpents
  8 naga warriors
  5 hell knights
  12 naga sharpshooters
  2 storm dragon zombies (D:15)
  2 spriggan berserkers
  Nergalle (Lair:2)
  2 skysharks (Lair:5)
  2 spectral death yaks (Gauntlet)
  2 sixfirhies (Swamp:4)
  3 skeletal warriors
  7 salamander mystics
  11 goliath frogs
  10 mana vipers
  8 arcanists
  26 deep trolls
  4 naga ritualists
  9 spriggan druids
  2 phantasmal warriors
  4 bog bodies
  6 swamp dragons
  9 orc knights
  19 ironbound convokers
  6 harpies (Vaults:1)
  4 deep elf pyromancers
  14 lindwurms
  5 necromancers
  7 cyclopes
  An orc sorcerer (Swamp:4)
  5 will-o-the-wisps
  30 ugly things
  19 salamanders
  6 manticores
  11 elephants
  2 meliai (shapeshifter)
  2 guardian serpents (Snake:3)
  21 naga magi
  2 ice statues (IceCv)
  25 black mambas
  A water nymph (shapeshifter) (Vaults:1)
  A kobold blastminer (Orc:2)
  12 vault sentinels
  Joseph (D:8)
  2 smoke demons (Swamp:4)
  2 gargoyles (D:11)
  Maggie (D:8)
  2 orange demons (Swamp:4)
  3 large abominations (Gauntlet)
  22 cane toads
  A torpor snail (Lair:3)
  3 freezing wraiths
  30 yaktaurs
  3 rime drakes
  An efreet (D:14)
  12 komodo dragons
  4 tengu conjurers
  2 anaconda simulacra (IceCv)
  6 ice devils
  4 hellwings (Swamp:4)
  10 trolls
  A merfolk (shapeshifter) (D:14)
  Grinder (D:6)
  11 tyrant leeches
  2 bloated husks
  A polar bear (Lair:2)
  7 hornets
  40 blink frogs
  7 dream sheep (Lair:4)
  32 slime creatures
  A spriggan (shapeshifter) (D:14)
  2 shadows
  A jumping spider (Vaults:2)
  11 spriggans
  A wraith (D:9)
  A water elemental (D:14)
  83 yaks
  5 basilisks
  5 wyverns
  4 dire elephant simulacra (IceCv)
  2 spectral komodo dragons (Gauntlet)
  5 wargs
  A steam dragon (D:9)
  A redback (Vaults:2)
  3 chaos spawn (Swamp:4)
  18 vampire mosquitoes
  16 swamp worms
  2 acid dragons
  A harpy simulacrum (IceCv)
  40 nagas
  3 hydra simulacra (IceCv)
  13 water moccasins
  21 orc warriors
  3 swamp drakes (Swamp:3)
  An ice beast (shapeshifter) (D:15)
  26 ogres
  5 small abominations (Gauntlet)
  7 black bears
  A boggart (D:14)
  18 wolves
  19 centaurs
  2 phantoms
  A kobold brigand (D:6)
  20 bullfrogs
  2 gnoll sergeants
  3 wights
  4 jellies
  5 electric eels
  A howler monkey (D:13)
  A bombardier beetle (D:4)
  11 orc priests
  A gnoll bouda (D:10)
  A hound (D:4)
  9 iguanas
  16 orc wizards
  2 troll simulacra (IceCv)
  2 spriggan simulacra (IceCv)
  6 adders
  13 gnolls
  3 white imps
  5 ufetubi
  A dart slug (D:2)
  2 ribbon worms
  62 orcs
  11 ball pythons
  7 endoplasms
  A giant cockroach (D:1)
  7 goblins
  10 hobgoblins
  4 quokkas
  6 bats
  A frilled lizard (D:1)
  9 kobolds
  3 rats
  A butterfly (Lair:3)
1329 creatures vanquished.

Vanquished Creatures (others)
  A bloated husk (Swamp:3)
  8 foxfires
9 creatures vanquished.

Grand Total: 1338 creatures vanquished

Notes
Turn   | Place    | Note
-------+----------+-------------------------------------------
     0 | D:1      | whatisthis the Human Brigand began the quest for the Orb.
     0 | D:1      | Reached XP level 1. HP: 16/16 MP: 1/1
    56 | D:1      | You fall into a shaft and drop 1 floor!
    76 | D:1      | Reached XP level 2. HP: 18/22 MP: 2/2
   250 | D:1      | Reached skill level 1 in Long Blades
   592 | D:1      | Reached XP level 3. HP: 28/28 MP: 3/3
  1207 | D:2      | Found a shadowy altar of Dithmenos.
  1266 | D:2      | Reached XP level 4. HP: 34/34 MP: 4/4
  1315 | D:2      | Reached skill level 3 in Fighting
  1952 | D:3      | Identified the +0 hand axe of Uroloc {spect, Dex+4}
  1962 | D:3      | Identified the +2 cloak of the Distant Future {rPois Regen+
                  | Dex-3 Slay+6}
  2590 | D:4      | Noticed a phantom
  2604 | D:4      | Killed a phantom
  2605 | D:4      | Reached XP level 5. HP: 42/42 MP: 5/5
  2630 | D:4      | Noticed a black bear
  2663 | D:4      | Reached XP level 6. HP: 48/48 MP: 6/6
  2778 | D:4      | Killed a black bear
  2779 | D:4      | Reached skill level 4 in Fighting
  2797 | D:4      | Found a stormy altar of Qazlal.
  2875 | D:4      | Reached XP level 7. HP: 41/55 MP: 7/7
  3126 | D:4      | Found Vacveh's General Store.
  3287 | D:5      | Entered Level 5 of the Dungeon
  3358 | D:5      | Reached skill level 5 in Fighting
  3828 | D:5      | Noticed a hornet
  3839 | D:5      | Killed a hornet
  3840 | D:5      | Reached skill level 5 in Dodging
  3840 | D:5      | Reached XP level 8. HP: 52/63 MP: 8/8
  3986 | D:5      | Reached skill level 5 in Long Blades
  4090 | D:6      | Noticed Grinder
  4170 | D:6      | Found a staircase to the Ecumenical Temple.
  4180 | Temple   | Entered the Ecumenical Temple
  4205 | Temple   | Became a worshipper of Warmaster Okawaru
  4302 | D:6      | Paralysed by Grinder for 5 turns
  4348 | D:6      | Killed Grinder
  4349 | D:6      | Reached skill level 6 in Fighting
  4725 | D:6      | Reached * piety under Okawaru
  5276 | D:7      | Found a flagged portal.
  5303 | Bailey   | Entered a bailey
  5606 | D:7      | Reached XP level 9. HP: 71/71 MP: 9/9
  5740 | D:7      | Reached skill level 7 in Fighting
  5953 | D:7      | Reached ** piety under Okawaru
  6131 | D:8      | Noticed Maggie
  6132 | D:8      | Identified the +8 flail of Corporal Punishment {venom,
                  | MP+9}
  6172 | D:8      | Killed Maggie
  6269 | D:8      | Noticed Joseph
  6284 | D:8      | Killed Joseph
  6284 | D:8      | Reached *** piety under Okawaru
  6285 | D:8      | Reached skill level 8 in Fighting
  6390 | D:8      | Reached XP level 10. HP: 81/81 MP: 10/10
  6534 | D:8      | Found a staircase to the Lair.
  6750 | D:9      | Noticed a two-headed ogre
  7033 | D:9      | Noticed a boulder beetle
  7061 | D:9      | Reached skill level 9 in Fighting
  7115 | D:9      | Killed a two-headed ogre
  7115 | D:9      | Reached **** piety under Okawaru
  7320 | D:9      | Noticed a two-headed ogre
  7335 | D:9      | Killed a two-headed ogre
  7463 | D:8      | Reached ***** piety under Okawaru
  7501 | D:8      | Received a gift from Okawaru
  7545 | D:8      | Reached XP level 11. HP: 90/90 MP: 11/11
  7684 | D:9      | Noticed Harold
  7704 | D:9      | Noticed a two-headed ogre
  7728 | D:9      | Killed a two-headed ogre
  7729 | D:9      | Reached skill level 10 in Fighting
  7869 | D:9      | Found a staircase to the Orcish Mines.
  8295 | D:9      | Reached skill level 10 in Dodging
  8308 | D:9      | Reached skill level 10 in Long Blades
  8435 | D:9      | Killed a boulder beetle
  8558 | D:10     | Entered Level 10 of the Dungeon
  8558 | D:10     | Found Lesm's Armour Boutique.
  8558 | D:10     | Found Teafo's Book Boutique.
  8558 | D:10     | Found Sutui's Magic Scroll Boutique.
  8944 | D:10     | Received a gift from Okawaru
  9355 | D:10     | Noticed Sonja
  9644 | Lair:1   | Entered Level 1 of the Lair of Beasts
  9669 | Lair:1   | Reached skill level 11 in Fighting
  9958 | Lair:1   | Reached XP level 12. HP: 87/100 MP: 12/12
 10316 | Lair:1   | Received a gift from Okawaru
 10798 | Lair:1   | You fall into a shaft and drop 1 floor!
 10798 | Lair:2   | Noticed a four-headed hydra
 11134 | Lair:1   | Reached skill level 12 in Fighting
 11253 | Lair:2   | Noticed Nergalle
 11268 | Lair:2   | Killed Nergalle
 11395 | Lair:2   | Found a staircase to the Swamp.
 11975 | Lair:2   | Noticed a boulder beetle
 12080 | Lair:2   | Killed a boulder beetle
 12080 | Lair:2   | Reached ****** piety under Okawaru
 12087 | Lair:2   | Acquired a +2 double sword of electrocution
 12087 | Lair:2   | Received a gift from Okawaru
 12137 | Lair:2   | Reached XP level 13. HP: 93/109 MP: 13/13
 12490 | Lair:2   | Received a gift from Okawaru
 12525 | Lair:2   | Found a runed translucent door.
 12573 | Lair:2   | Reached skill level 13 in Fighting
 12601 | Lair:2   | Noticed a dire elephant
 12601 | Lair:2   | Found the +8 longbow "Zephyr" {speed, Dex+3 SInv}
 12619 | Lair:2   | Killed a dire elephant
 13269 | Lair:3   | Received a gift from Okawaru
 13932 | Lair:4   | Found a viscous altar of Jiyva.
 13932 | Lair:4   | Found a staircase to the Slime Pits.
 14120 | Lair:4   | Found a gate leading to a gauntlet.
 14137 | Gauntlet | Entered a Gauntlet
 14137 | Gauntlet | Found a transporter.
 14140 | Gauntlet | Found a transporter.
 14157 | Gauntlet | Found a transporter.
 14160 | Gauntlet | Found a transporter.
 14165 | Gauntlet | Noticed a great orb of eyes
 14180 | Gauntlet | Found a transporter.
 14193 | Gauntlet | Found a transporter.
 14196 | Gauntlet | Noticed a dire elephant
 14206 | Gauntlet | Found a transporter.
 14226 | Gauntlet | Found a transporter.
 14230 | Gauntlet | Found a transporter.
 14238 | Gauntlet | Found a transporter.
 14259 | Gauntlet | Found a transporter.
 14263 | Gauntlet | Found a transporter.
 14377 | Gauntlet | Reached skill level 14 in Fighting
 14380 | Gauntlet | Reached XP level 14. HP: 52/120 MP: 8/14
 14383 | Gauntlet | Received a gift from Okawaru
 14408 | Gauntlet | Identified the +11 spear of Wily {freeze, Fly rPois rC+
                  | Will- Dex+2}
 14409 | Gauntlet | Identified the ring of the Summoning Gods {rElec rPois rF+
                  | Str+3 Dex-5}
 14506 | Gauntlet | Identified the amulet of Accord {Acrobat ^Drain Str+2
                  | Int+6}
 14508 | Gauntlet | Identified the +0 helmet "Joifiav" {rElec Str+2 Dex+3}
 14591 | Gauntlet | Identified the staff of Infinity {rPois rN+ MP+9 Int+4
                  | Stlth- Necro}
 14669 | Lair:4   | Reached skill level 1 in Invocations
 14699 | Lair:4   | Received a gift from Okawaru
 15077 | Lair:5   | Entered Level 5 of the Lair of Beasts
 15363 | Lair:5   | Received a gift from Okawaru
 15664 | Lair:4   | Reached skill level 15 in Fighting
 15833 | Lair:4   | Reached skill level 5 in Invocations
 16141 | Lair:5   | Received a gift from Okawaru
 16228 | Lair:5   | Reached XP level 15. HP: 89/129 MP: 19/19
 16300 | Lair:5   | Found a runed translucent gate.
 16301 | Lair:5   | Found a runed translucent gate.
 16302 | Lair:5   | Found a runed translucent gate.
 16303 | Lair:5   | Noticed Pokonic1's ghost (journeyman OnBe)
 16303 | Lair:5   | Noticed lucidstorm14's ghost (journeyman MiFi)
 16303 | Lair:5   | Noticed Warped's ghost (journeyman DjCj)
 16353 | Lair:4   | Reached skill level 15 in Long Blades
 16664 | Lair:5   | Got Yfule's Dissertation on Metamorphic Hypothermia
 17105 | Lair:2   | Found a staircase to the Snake Pit.
 17312 | D:11     | Received a gift from Okawaru
 17631 | D:11     | Found a blossoming altar of Fedhas.
 18282 | D:13     | Noticed Azoth's ghost (journeyman MfSh)
 18284 | D:13     | Found a transporter.
 18287 | D:13     | Found a transporter.
 18493 | D:13     | Reached skill level 5 in Throwing
 18548 | D:13     | Noticed Jorgrun
 18573 | D:13     | Killed Jorgrun
 19083 | D:13     | Received a gift from Okawaru
 19551 | D:14     | Reached skill level 16 in Fighting
 19636 | D:14     | Found a bloodstained altar of Trog.
 19793 | D:14     | Got the Secrets of Shivering Spellbinding
 19967 | D:14     | Found Zin's Purification Station.
 19970 | D:14     | Found a glowing silver altar of Zin.
 19995 | D:14     | Received a gift from Okawaru
 20092 | D:14     | Found a gate to the Vaults.
 20094 | D:14     | Noticed a sphinx
 20101 | D:14     | Killed a sphinx
 20227 | D:14     | Reached XP level 16. HP: 138/138 MP: 22/22
 20603 | D:15     | Entered Level 15 of the Dungeon
 20716 | D:15     | Found a staircase to the Depths.
 20738 | D:15     | Reached skill level 1 in Armour
 20943 | D:15     | Identified the +5 trident "Ysiar" {speed, rC- Str+5 SInv}
 21007 | D:15     | Received a gift from Okawaru
 21384 | Orc:1    | Entered Level 1 of the Orcish Mines
 21425 | Orc:1    | Noticed Erolcha
 21432 | Orc:1    | Killed Erolcha
 21493 | Orc:1    | Found a frozen archway.
 21515 | IceCv    | Entered an ice cave
 22423 | Orc:2    | Entered Level 2 of the Orcish Mines
 22435 | Orc:2    | Noticed Rupert
 22473 | Orc:2    | Found a staircase to the Elven Halls.
 22677 | Orc:2    | Killed Rupert
 22677 | Orc:2    | Received a gift from Okawaru
 22719 | Orc:2    | Found Illaresm's Distillery.
 22735 | Orc:2    | Found Antonn's Antique Armour Shoppe.
 22738 | Orc:2    | Found Axaarysoxeu's Armour Boutique.
 22782 | Orc:1    | Reached skill level 17 in Fighting
 23092 | Orc:1    | Received a gift from Okawaru
 23139 | Orc:2    | Paralysed by something for 2 turns
 23173 | Orc:2    | Found Oxettig's Antique Armour Boutique.
 23180 | Orc:2    | Found Roumiqo's Antique Weapon Shop.
 23237 | Orc:2    | Bought a potion of haste for 100 gold pieces
 23237 | Orc:2    | Bought a potion of heal wounds for 50 gold pieces
 23237 | Orc:2    | Bought 2 potions of curing for 60 gold pieces
 23237 | Orc:2    | Bought a potion of curing for 30 gold pieces
 23237 | Orc:2    | Bought a potion of invisibility for 80 gold pieces
 23237 | Orc:2    | Bought a potion of heal wounds for 50 gold pieces
 23237 | Orc:2    | Bought a potion of resistance for 100 gold pieces
 23237 | Orc:2    | Bought a potion of curing for 30 gold pieces
 23237 | Orc:2    | Bought 2 potions of brilliance for 80 gold pieces
 23378 | Orc:2    | Found Okkaleagg's Antique Armour Shoppe.
 23453 | Orc:2    | Found Boj Puof's Assorted Antiques.
 23461 | Orc:2    | Bought a scroll of identify for 62 gold pieces
 23461 | Orc:2    | Bought a scroll of identify for 62 gold pieces
 23461 | Orc:2    | Bought a white potion for 27 gold pieces
 23461 | Orc:2    | Bought a scroll labelled XIRIFE BUNAEV for 31 gold pieces
 23461 | Orc:2    | Bought a potion of curing for 93 gold pieces
 23472 | Orc:2    | Bought the +2 Maxwell's thermic engine {flame, freeze, rev}
                  | for 1364 gold pieces
 23472 | Orc:2    | Found the +2 Maxwell's thermic engine {flame, freeze, rev}
 23919 | Swamp:1  | Entered Level 1 of the Swamp
 23955 | Swamp:1  | Noticed Mlioglotl
 23961 | Swamp:1  | Noticed an ancient lich
 23965 | Arena    | Entered the Arena
 23971 | Arena    | Killed Mlioglotl
 23972 | Arena    | Reached skill level 1 in Shields
 24072 | Swamp:1  | Noticed Roxanne
 24271 | Swamp:1  | Reached XP level 17. HP: 147/147 MP: 23/23
 24839 | Swamp:2  | Received a gift from Okawaru
 25716 | Swamp:1  | Identified the +0 swamp dragon scales of Murekuh {rPois rC+
                  | Int+3}
 25778 | Swamp:3  | Reached skill level 5 in Shields
 25804 | Swamp:3  | Received a gift from Okawaru
 26134 | Swamp:3  | Reached skill level 18 in Fighting
 26460 | Swamp:4  | Entered Level 4 of the Swamp
 26663 | Swamp:4  | Paralysed by a fenstrider witch for 4 turns
 26799 | Swamp:4  | Received a gift from Okawaru
 26904 | Swamp:4  | Reached skill level 5 in Armour
 27363 | Swamp:4  | Reached XP level 18. HP: 158/158 MP: 21/24
 27742 | Swamp:4  | Received a gift from Okawaru
 27813 | Swamp:4  | Got a decaying rune of Zot
 28229 | Snake:1  | Entered Level 1 of the Snake Pit
 28884 | Snake:2  | Received a gift from Okawaru
 28927 | Snake:2  | Noticed anacleto's ghost (adept TrSh)
 28948 | Snake:2  | Found a transporter.
 28979 | Snake:2  | Found a transporter.
 29088 | Snake:2  | Reached skill level 19 in Fighting
 29841 | Snake:3  | Got the Exposition on the Frigorific Morgue
 30049 | Snake:3  | Found Kuvegh's Magic Scroll Shoppe.
 30063 | Snake:3  | Bought a scroll of identify for 34 gold pieces
 30063 | Snake:3  | Bought a scroll of teleportation for 51 gold pieces
 30063 | Snake:3  | Bought a scroll of identify for 34 gold pieces
 30063 | Snake:3  | Bought a scroll of enchant armour for 127 gold pieces
 30296 | Snake:3  | Received a gift from Okawaru
 30664 | Snake:4  | Entered Level 4 of the Snake Pit
 30992 | Snake:4  | Identified the +0 chain mail "Atuicetrub" {rC- Will- Str+9
                  | Dex+5 Stlth+}
 31288 | Snake:4  | Reached skill level 10 in Shields
 31381 | Snake:4  | Found Cecwygan's Armour Emporium.
 31521 | Snake:4  | Reached skill level 15 in Dodging
 31591 | Snake:4  | Reached XP level 19. HP: 162/167 MP: 25/25
 31667 | Snake:4  | Received a gift from Okawaru
 32097 | Snake:4  | Got a serpentine rune of Zot
 32319 | D:9      | Killed Harold
 32546 | Vaults:1 | Entered Level 1 of the Vaults
 32623 | Vaults:1 | Identified the +2 robe "Purchyne" {MP+9 Dex+6}
 32635 | Vaults:1 | Paralysed by a formless jellyfish for 1 turns
 32663 | Vaults:1 | Received a gift from Okawaru
 32936 | Vaults:1 | Reached skill level 20 in Fighting
 33235 | Vaults:1 | Reached skill level 10 in Throwing
 33267 | Vaults:1 | Received a gift from Okawaru
 33934 | Vaults:1 | Received a gift from Okawaru
 34420 | Vaults:1 | Reached XP level 20. HP: 169/178 MP: 26/26
 34709 | Vaults:2 | Found Vuurchau's Magic Scroll Shop.
 34722 | Vaults:2 | Bought a scroll of teleportation for 60 gold pieces
 34722 | Vaults:2 | Bought a scroll of identify for 40 gold pieces
 34722 | Vaults:2 | Bought a scroll of identify for 40 gold pieces
 34722 | Vaults:2 | Bought a scroll of fear for 80 gold pieces
 34846 | Vaults:2 | Identified the +0 robe of Watchfulness {Will++}
 35228 | Vaults:2 | Received a gift from Okawaru
 35343 | Vaults:2 | Found Pas Hono's Jewellery Shoppe.
 35427 | Vaults:2 | Found Ziozig's Assorted Antiques.
 35585 | Vaults:2 | Found Beleol's Antique Weapon Emporium.
 35703 | Vaults:2 | Reached skill level 21 in Fighting
 35858 | Vaults:2 | Found Rusaofex's Assorted Antiques.
 35864 | Vaults:2 | Bought a scroll of fear for 164 gold pieces
 35927 | Vaults:2 | Identified the +0 robe of Love and Death {*Slow rF+++ Str-2
                  | Archmagi}
 35929 | Vaults:2 | Got the Papyrus of Congelation
 36076 | Vaults:2 | Bought a scroll of blinking for 217 gold pieces
 36076 | Vaults:2 | Bought a potion of curing for 87 gold pieces
 36162 | Vaults:2 | Identified the serpent talisman of the Well-Known Tusks
                  | {rN+ Int-2 Slay+5 SInv}
 36162 | Vaults:2 | Noticed Aizul
 36179 | Vaults:2 | Killed Aizul
 36365 | Vaults:3 | Received a gift from Okawaru
 36548 | Vaults:3 | Found Udghieb's Armour Shop.
 36856 | Vaults:3 | Received a gift from Okawaru
 36933 | Vaults:3 | Found a basalt altar of Yredelemnul.
 36941 | Vaults:3 | Found a radiant altar of Vehumet.
 36948 | Vaults:3 | Identified the +0 hat of Yppywn {Harm rElec}
 36973 | Vaults:3 | Found the +3 crown of Dyrovepreva {rElec Int+2 SInv}
 37003 | Vaults:3 | Found a staircase to the Crypt.
 37005 | Vaults:3 | Found an ancient bone altar of Kikubaaqudgha.
 37204 | Vaults:3 | Paralysed by a formless jellyfish for 1 turns
 37291 | Vaults:3 | Reached XP level 21. HP: 171/187 MP: 27/27
 37740 | Vaults:4 | Found Pock's Armour Boutique.
 38248 | Vaults:4 | Received a gift from Okawaru
 38702 | Vaults:4 | Reached skill level 22 in Fighting
 38934 | Vaults:4 | Identified the +2 robe of the Great Game {rPois rF+}
 39132 | Vaults:4 | Received a gift from Okawaru
 39407 | Vaults:2 | Bought a thick ruby amulet for 205 gold pieces
 39499 | Vaults:4 | Bought a +2 pair of boots of stealth for 258 gold pieces
 39509 | Vaults:5 | Entered Level 5 of the Vaults
 39632 | Vaults:5 | Slain by an ettin

Illustrated notes

Levels and vault maps discovered:
D:1:      matt_arrival_grand_opening, layout_basic
D:2:      layout_loops_corners, basic_altar, minmay_misc_feat_roman
D:3:      layout_loops_cross, serial_bayou_pond_e, kennysheep_generic_room_15
D:4:      layout_loops_ring, kennysheep_little_box, serial_shops, shop,
          guppyfry_early_orc_mine
D:5:      layout_gridville
D:6:      layout_loops_corners, minmay_temple_entry_drinking_statues,
          uniq_grinder
D:7:      layout_gridville, enter_bailey_2
D:8:      layout_rooms, grunt_lair_entry_orc_guard_hut, uniq_joseph, uniq_maggie
D:9:      layout_gridville, david_orc_1_choice,
          amcnicky_mini_rare_corridor_liquid, kennysheep_small_circle,
          uniq_harold
D:10:     nicolae_cairo_tiling, layout_loops_ring, st_stairs_7,
          minmay_tree_intersection, nicolae_shop_distant_corner_stores,
          uniq_sonja
D:11:     layout_roguey, fedhas_altar_4
D:12:     layout_rooms
D:13:     layout_stronghold, nzn_ghost_randoct, kennysheep_generic_room_10,
          uniq_jorgrun
D:14:     kennysheep_water_balloons, layout_basic,
          hellmonk_vaults_attempted_burglary, lemuel_crystal_altar, zin_purify
D:15:     gammafunk_depths_entry_grave, layout_cave_pools,
          minmay_misc_feat_doors
Temple:   mainiacjoe_temple_trianglar_array
Lair:1:   layout_cave_pods, chequers_serial_rivers_micro_e, wad_woods_road_03,
          evilmike_ambush [evilmike_ambush_outer_pillars,
          evilmike_ambush_inner_cross], grunt_megastairs_3, lemuel_fruit_fields,
          infiniplex_staircase_pool, serial_bayou_shore_b
Lair:2:   gammafunk_lair_enchanted_lake, layout_long_grid,
          skrybe_swamp_entry_bodies, minmay_snake_entry_guardpost_medium,
          grunt_megastairs_4, uniq_nergalle
Lair:3:   minmay_lair_oklob_chamber, layout_regular_city, grunt_megastairs_2,
          serial_bayou_shore_a, lemuel_fruit_fields, infiniplex_staircase_pool_2
Lair:4:   layout_big_grid, slime_entry_2, gauntlet_entry_generic,
          serial_bayou_shore_b
Lair:5:   minmay_lair_end_frog_pond, layout_cave_pods, gammafunk_ghost_cemetery
Swamp:1:  nicolae_swamp_secret_spriggan_hideout, layout_basic_swamp,
          nicolae_swamp_decorative_isthmus, swamp_pool_4, uniq_roxanne,
          uniq_mlioglotl
Swamp:2:  layout_basic_swamp, evilmike_swamp_ruin_house_5
Swamp:3:  layout_basic_swamp, nicolae_swamp_well_well_well, swamp_pool_5
Swamp:4:  nzn_swamp_witches_coven, layout_basic_swamp, swamp_pool_1_2
Snake:1:  layout_misc_corridors
Snake:2:  layout_onion, gammafunk_ghost_berserking_beasts, st_stairs_4
Snake:3:  layout_onion, serial_shops, nicolae_shop_trees
Snake:4:  snake_pit, layout_onion, serial_shops, nicolae_diamond_shop,
          nicolae_snake_salamander_fort
Orc:1:    layout_caves, basic_altar, portal_ice_cave_demonic_guard, uniq_erolcha
Orc:2:    st_orc_open, layout_caves, basic_altar, serial_shops, shop,
          shop_fountains, shop, mines2_david, uniq_rupert
Vaults:1: nicolae_vaults_trapezoid_layered, st_spiral_rooms, v_misc_8,
          ontoclasm_vaults_shuriken, nicolae_vaults_house_3, v_pattern_5,
          nicolae_vaults_border_crossing, vaults_room_fancy_cross,
          vaults_mumra_hex, nicolae_vaults_more_shelving_1, v_misc_33,
          nicolae_vaults_closet_pinwheel_4, layout_vaults_big_room
Vaults:2: nicolae_vaults_twisting_passages, nicolae_vaults_door_testing_chamber,
          nicolae_vaults_surprise_closet, nicolae_vaults_little_squares_5,
          dpeg_vaults_hating_casters, nicolae_vaults_mini_display_case,
          ontoclasm_vaults_ring_small, layout_vaults_quadrants, serial_shops,
          shop, nicolae_shop_hallway_stairs, shop, nicolae_shop_waterfront,
          shop, uniq_aizul
Vaults:3: v_pattern_4, v_misc_28, minmay_crypt_entry_necro_gods,
          grunt_tower_of_power, v_alt_pattern_3, nicolae_vaults_mitosis,
          nicolae_vaults_double_plus_2, nicolae_vaults_hexular_roomagon,
          nicolae_vaults_apartment_1, nicolae_vaults_two_Ls,
          nicolae_vaults_taking_the_gang_shopping, v_misc_5,
          layout_vaults_omnibox
Vaults:4: nicolae_vaults_turnstiles, v_misc_27, st_octagons_1,
          nicolae_vaults_windows_and_doors_thing,
          nicolae_vaults_closet_pinwheel_4, hangedman_vaults_slice,
          hangedman_vaults_maws, nicolae_vaults_diamond_1,
          layout_vaults_omnicross, serial_shops, shop
Vaults:5

Skill      XL: |  1  2  3  4  5  6  7  8  9 10 11 12 13 14 15 16 17 18 19 20 21 |
---------------+----------------------------------------------------------------+-----
Long Blades    | 1 2 3 4 6 7 9 10 12 13 14 15 16 | 16.4
Dodging        | 2 3 5 6 7 9 11 12 13 14 15 16 17 18 | 18.4
Fighting       | 3 4 5 6 8 9 11 12 14 15 16 17 18 19 20 21 22 | 22.1
Invocations    | 5 8 9 |  9.0
Throwing       | 3 6 9 10 12 14 | 14.0
Armour         | 3 5 8 |  8.5
Shields        | 2 7 10 | 10.6
Short Blades   | |  2.0
Stealth        | |  4.0

Action                     |  1- 3 |  4- 6 |  7- 9 | 10-12 | 13-15 | 16-18 | 19-21 || total
---------------------------+-------+-------+-------+-------+-------+-------+-------++-------
  Melee: Dagger            |   115 |   110 |   167 |   260 |       |       |       ||   652
         Falchion          |       |       |    88 |   660 |       |       |       ||   748
         Double sword      |       |       |       |    10 |   953 |  1288 |  1181 ||  3432
         Long sword        |       |       |       |       |    61 |       |       ||    61
  Throw: Dart              |    13 |    19 |    52 |    51 |     9 |     3 |     3 ||   150
         Boomerang         |       |       |       |       |    54 |   141 |   128 ||   323
         Javelin           |       |       |       |       |       |       |    19 ||    19
 Invoke: Heroism           |       |       |       |     3 |    13 |     5 |     9 ||    30
         Receive Weapon    |       |       |       |     1 |       |       |       ||     1
         Finesse           |       |       |       |       |     2 |     2 |     2 ||     6
         Duel              |       |       |       |       |       |     1 |       ||     1
  Evoke: Wand              |       |       |       |     2 |     4 |     4 |       ||    10
         Lightning rod     |       |       |       |       |       |       |     3 ||     3
         Condenser vane    |       |       |       |       |       |       |     1 ||     1
    Use: Scroll            |       |       |       |     6 |     9 |    15 |     5 ||    35
         Potion            |       |       |       |       |     1 |       |     3 ||     4
   Stab: Sleeping          |     4 |     4 |     2 |     1 |     5 |    21 |     4 ||    41
         Distracted        |       |       |       |     1 |     3 |     2 |       ||     6
 Armour: Ring mail         |    59 |    57 |   123 |       |       |       |       ||   239
         Steam dragon scal |       |       |    16 |   466 |   519 |   338 |       ||  1339
         Skin              |       |       |       |       |     7 |       |       ||     7
         Swamp dragon scal |       |       |       |       |       |   253 |   642 ||   895
  Dodge: Dodged            |    39 |    44 |   119 |   593 |  1043 |  1224 |   906 ||  3968
  Block: Buckler           |       |    14 |    42 |   155 |   232 |    57 |       ||   500
         Kite shield       |       |       |       |       |       |   817 |   954 ||  1771

Table legend: (Time is in decaauts)
 A = Elapsed time spent in this place.
 B = Non-inter-level travel time spent in this place.
 C = Inter-level travel time spent in this place.
 D = Time resting spent in this place.
 E = Time spent auto-exploring this place.
 F = Levels seen in this place.
 G = Mean time per level.
                   A        B        C        D        E       F      G
               +--------+--------+--------+--------+--------+-----+--------+
         Total |  39149 |  36604 |   2545 |   4549 |  15383 |  40 |  978.7 |
       Dungeon |  14203 |  12972 |   1231 |   1487 |   6553 |  15 |  946.9 |
        Temple |     48 |     26 |     22 |      0 |      0 |   1 |   48.0 |
          Lair |   7030 |   6529 |    501 |    723 |   1609 |   5 | 1406.0 |
         Swamp |   4461 |   4248 |    213 |    710 |   1653 |   4 | 1115.2 |
     Snake Pit |   3853 |   3658 |    195 |    347 |   1439 |   4 |  963.2 |
  Orcish Mines |   1940 |   1848 |     92 |    252 |    863 |   2 |  970.0 |
        Vaults |   6680 |   6391 |    289 |    862 |   3065 |   5 | 1336.0 |
        Bailey |     13 |     13 |      0 |      0 |      0 |   1 |   13.0 |
      Ice Cave |    444 |    444 |      0 |     82 |     32 |   1 |  444.0 |
      Gauntlet |    448 |    448 |      0 |     64 |    167 |   1 |  448.0 |
         Arena |     23 |     23 |      0 |     20 |      0 |   1 |   23.0 |
               +--------+--------+--------+--------+--------+-----+--------+

Top non-repeatable levels by time:
Vaults:1: 1852 daAuts
  Lair:2: 1839 daAuts
Vaults:2: 1753 daAuts
     D:9: 1623 daAuts
 Swamp:4: 1597 daAuts
Vaults:3: 1588 daAuts
  Lair:1: 1485 daAuts
  Lair:5: 1432 daAuts
Vaults:4: 1379 daAuts
    D:14: 1353 daAuts
    D:13: 1290 daAuts
 Snake:4: 1233 daAuts
     D:8: 1217 daAuts
  Lair:4: 1209 daAuts
   Orc:1: 1183 daAuts
